 Dungeon Crawl Stone Soup version 0.27-a0-3-gcf006a40f5 (webtiles) character file.

Game seed: 13939415761361473464

37 Conn the Firebug (level 3, -2/21 HPs)
             Began as an Octopode Fire Elementalist on Jan 1, 2021.
             Slain by a crimson imp (3 damage)
             ... summoned by Natasha
             ... on level 2 of the Dungeon.
             The game lasted 00:02:20 (1544 turns).

Conn the Firebug (Octopode Fire Elementalist)       Turns: 1544, Time: 00:02:30

Health: -2/21      AC:  1    Str:  7    XL:     3   Next: 41%
Magic:  1/6        EV: 13    Int: 18    God:
Gold:   80         SH:  0    Dex: 12    Spells: 2/6 levels left

rFire    + . .     SeeInvis .   m - +1 dagger (vamp)
rCold    x . .     Faith    .   (no shield)
rNeg     . . .     Spirit   .   (helmet restricted)
rPois    .         Reflect  .   (no amulet)
rElec    .         Harm     .   g - ring of fire
rCorr    .         Rampage  .   (no ring)
Will     .....                  (no ring)
Stlth    +++.......             (no ring)
HPRegen  0.07/turn              (no ring)
MPRegen  0.10/turn              (no ring)
                                (no ring)
                                (no ring)

@: no status effects
A: almost no armour, stealthy swim, amphibious, 8 rings, constrict 8, camouflage
1, gelatinous body 1
a: no special abilities


You were on level 2 of the Dungeon.
You visited 1 branch of the dungeon, and saw 2 of its levels.

You collected 80 gold pieces.

Inventory:

Hand Weapons
 m - a +1 vampiric dagger (weapon)
Armour
 e - a +0 buckler
Jewellery
 g - a ring of fire (left tentacle)
Scrolls
 b - 2 scrolls of immolation {unknown}
 c - 2 scrolls of fear {unknown}
 d - 6 scrolls of identify {unknown}
 h - a scroll of enchant armour {unknown}
 j - a scroll of blinking {unknown}
 l - a scroll of random uselessness {unknown}
Potions
 a - 2 potions of haste {unknown}
 f - 2 potions of lignification {unknown}
 i - a potion of attraction {unknown}
 k - a potion of heal wounds {unknown}


   Skills:
 + Level 2.3 Dodging
 + Level 3.2 Stealth
 + Level 2.3 Spellcasting
 + Level 1.2 Conjurations
 + Level 3.6 Fire Magic


You had 2 spell levels left.
You knew the following spells:

 Your Spells              Type           Power        Failure   Level
a - Foxfire               Conj/Fire      64%          6%          1
b - Conjure Flame         Conj/Fire      16%          19%         3

Your spell library contained the following spells:

 Spells                   Type           Power        Failure   Level
 Inner Flame              Hex/Fire       13%          26%         3
 Sticky Flame             Conj/Fire      16%          54%         4
 Fireball                 Conj/Fire      8%           87%         5


Dungeon Overview and Level Annotations

Branches:
Dungeon (2/15)

Altars:

Annotations:
D:2 Natasha


Innate Abilities, Weirdness & Mutations

You cannot wear most types of armour.
You are very stealthy in the water. (Stealth+)
You are amphibious.
You can wear up to eight rings at the same time.
You can use your tentacles to constrict eight enemies at once.
Your skin changes colour to match your surroundings (Stealth+).
Your rubbery body absorbs attacks. (AC +1, EV +1)


Message History

You constrict Natasha, but do no damage.
The crimson imp hits you.
Natasha casts a spell.
You barely miss Natasha.
Natasha is severely wounded.
You constrict Natasha, but do no damage.
Natasha casts a spell.
The crimson imp misses you. The crimson imp barely misses you.
You hit Natasha but do no damage.
Natasha is severely wounded.
You constrict Natasha. Natasha claws you. The crimson imp hits you.
The crimson imp misses you.
You hit Natasha but do no damage.
Natasha is severely wounded.
You constrict Natasha.
The iron imp picks up a beetle and eats it.
The iron imp hits you!
* * * LOW HITPOINT WARNING * * *
The crimson imp blinks!
The crimson imp hits you.
You die...

#..###)#
...#...#
#.#.#...# #.
#...####.
#...#....
##........
#.....#### #
#<.5.##
#.#ยง@5.#
#..h####
#............
#......5..####.
#.........#
#.........#
###########


You could see an iron imp (summoned), Natasha and 2 crimson imps.

Vanquished Creatures
  2 dart slugs (D:1)
  2 leopard geckos (D:1)
  3 giant cockroaches (D:1)
  2 goblins (D:1)
  2 hobgoblins
  6 kobolds
  A quokka (D:2)
  7 bats
  2 frilled lizards (D:1)
  3 rats (D:1)
30 creatures vanquished.

Vanquished Creatures (others)
  82 foxfires
82 creatures vanquished.

Grand Total: 112 creatures vanquished

Notes
Turn   | Place    | Note
-------+----------+-------------------------------------------
     0 | D:1      | Conn the Octopode Fire Elementalist began the quest for the
                  | Orb.
     0 | D:1      | Reached XP level 1. HP: 11/11 MP: 3/3
   221 | D:1      | Reached XP level 2. HP: 17/17 MP: 0/5
  1104 | D:1      | Reached XP level 3. HP: 21/21 MP: 4/6
  1114 | D:1      | Learned a level 3 spell: Conjure Flame
  1523 | D:2      | Noticed Natasha
  1544 | D:2      | HP: 1/21 [iron imp[Natasha] (10)]
  1544 | D:2      | Slain by a crimson imp

Illustrated notes

Levels and vault maps discovered:
D:1:      lightli_arrival_quake, layout_basic
D:2:      layout_rooms, uniq_natasha

Skill      XL: |  1 |
---------------+----+-----
Stealth        | 3 |  3.2
Dodging        | |  2.3
Spellcasting   | |  2.3
Conjurations   | |  1.2
Fire Magic     | |  3.6

Action                   || total
-------------------------++-------
Melee: Unarmed           ||    13
       Constrict         ||     5
       Tentacles         ||     2
       Dagger            ||     5
 Cast: Foxfire           ||    48
 Stab: Sleeping          ||     1
Armor: Skin              ||     1
Dodge: Dodged            ||    32

Table legend: (Time is in decaauts)
 A = Elapsed time spent in this place.
 B = Non-inter-level travel time spent in this place.
 C = Inter-level travel time spent in this place.
 D = Time resting spent in this place.
 E = Time spent auto-exploring this place.
 F = Levels seen in this place.
 G = Mean time per level.
                   A        B        C        D        E       F      G
               +--------+--------+--------+--------+--------+-----+--------+
         Total |   1542 |   1531 |     11 |    100 |    986 |   2 |  771.0 |
       Dungeon |   1542 |   1531 |     11 |    100 |    986 |   2 |  771.0 |
               +--------+--------+--------+--------+--------+-----+--------+

Top non-repeatable levels by time:
     D:1: 1400 daAuts
     D:2: 142 daAuts
